 Dungeon Crawl Stone Soup version 0.20.0-14-g326068f (webtiles) character file.

463 anfisbena the Ruffian (level 6, 0/59 HPs)
             Began as a Troll Fighter on June 8, 2017.
             Slain by a worker ant (7 damage)
             ... on level 4 of the Dungeon.
             The game lasted 00:03:37 (2749 turns).

anfisbena the Ruffian (Troll Fighter)               Turns: 2749, Time: 00:03:37

Health: 0/59       AC:  5    Str: 25    XL:     6   Next: 79%
Magic:  5/5        EV:  9    Int:  4    God:
Gold:   313        SH:  0    Dex: 11    Spells: 5/5 levels left

rFire    . . .     SeeInvis .     - Unarmed
rCold    . . .     Gourm    +   b - +0 shield
rNeg     . . .     Faith    .   a - +0 robe
rPois    .         Spirit   .   (helmet restricted)
rElec    .         Reflect  .   (no cloak)
rCorr    .         Harm     .   (gloves unavailable)
MR       .....                  (boots unavailable)
Stlth    +.........             (no amulet)
Regen    0.6/turn               (no ring)
MPRegen  0.1/turn               (no ring)

@: confused
A: unfitting armour, claws 3, fast metabolism 3, gourmand, regeneration 1,
shaggy fur 1, tough skin 2
a: no special abilities


You were on level 4 of the Dungeon.
You were completely stuffed.

You visited 1 branch of the dungeon, and saw 4 of its levels.

You collected 313 gold pieces.

Inventory:

Missiles
 i - 6 large rocks (quivered)
Armour
 a - a +0 robe (worn)
 b - a +0 shield (worn)
Jewellery
 n - a +2 ring of dexterity {unknown}
 q - an uncursed ring of wizardry {unknown}
Wands
 s - a wand of flame (24/48)
 t - a wand of digging (9/24)
Scrolls
 e - 4 scrolls of identify {unknown}
 k - a scroll of remove curse {unknown}
 l - a scroll of amnesia {unknown}
 m - a scroll of enchant weapon {unknown}
 p - a scroll of teleportation {unknown}
 r - a scroll of blinking {unknown}
 v - a scroll of magic mapping {unknown}
 y - a scroll of fog {unknown}
Potions
 c - 3 potions of might
 f - 2 potions of haste {unknown}
 g - a potion of mutation {unknown}
 h - 3 potions of curing {unknown}
 u - 2 potions of invisibility {unknown}
 x - a potion of magic {unknown}
Comestibles
 d - 6 bread rations
 j - a meat ration
 o - a royal jelly
 w - a chunk of flesh


   Skills:
 - Level 2.4 Fighting
 - Level 2.4 Dodging
 + Level 4.2 Shields
 * Level 6.0 Unarmed Combat


You had 5 spell levels left.
You didn't know any spells.

Dungeon Overview and Level Annotations

Branches:
Dungeon (4/15)
 Temple: D:4-7

Altars:
Okawaru
Ru
Vehumet
Xom

Annotations:
D:4 Sigmund


Innate Abilities, Weirdness & Mutations

You are too large for most types of armour.
You have claws for hands.
Your metabolism is lightning-fast.
You like to eat raw meat.
Your natural rate of healing is unusually fast.
You are covered in fur. (AC +1)
You have very tough skin. (AC +2)


Message History

You scratch the worm.
The worm is severely wounded.
Something hits you!
* * * LOW HITPOINT WARNING * * *
The worm closely misses you.
You barely miss the worm.
The worm is severely wounded.
Something hits you but does no damage.
You claw the worm!
You kill the worm!
You swing at nothing.
Something hits you!
* * * LOW HITPOINT WARNING * * *
You swing at nothing.
Something hits you!
* * * LOW HITPOINT WARNING * * *
A worker ant comes into view.
The worker ant twitches its antennae in your direction.
You are confused.
The worker ant bites you but does no damage.
You barely miss the worker ant. The worker ant bites you!
You die...

... ... #.# #.# #.#
#.# #a#. ....# #.
#@#.####....# #.
#.#..........
#...#.##.?.......
#...#.##..........
#...#.##..........
#...#.##.....?....
#.....##..........
####....##..........
....................


You could see a worker ant.

Vanquished Creatures
  A sky beast (D:3)
  An ogre (D:4)
  A howler monkey (D:4)
  2 orc priests (D:4)
  An orc wizard (D:4)
  Jessica (D:2)
  4 adders
  An ooze (D:1)
  3 worms
  A dart slug (D:1)
  11 orcs
  5 giant cockroaches
  8 goblins
  6 hobgoblins
  3 jackals (D:3)
  7 kobolds
  A quokka (D:4)
  2 ball pythons (D:3)
  5 bats
  5 frilled lizards
  A leopard gecko skeleton (D:3)
  A quokka skeleton (D:4)
  4 rats
75 creatures vanquished.

Notes
Turn   | Place    | Note
-------+----------+-------------------------------------------
     0 | D:1      | anfisbena the Troll Fighter began the quest for the Orb.
     0 | D:1      | Reached XP level 1. HP: 22/22 MP: 0/0
   314 | D:1      | Reached XP level 2. HP: 27/29 MP: 1/1
   516 | D:1      | Reached skill level 3 in Unarmed Combat
   627 | D:1      | Reached XP level 3. HP: 36/36 MP: 2/2
  1067 | D:2      | Found an iron altar of Okawaru.
  1117 | D:2      | Found a shimmering altar of Xom.
  1118 | D:2      | Found a radiant altar of Vehumet.
  1173 | D:2      | Noticed Jessica
  1186 | D:2      | Killed Jessica
  1186 | D:2      | Reached XP level 4. HP: 28/44 MP: 3/3
  1574 | D:3      | Noticed a sky beast
  1589 | D:3      | Killed a sky beast
  1589 | D:3      | Reached skill level 4 in Unarmed Combat
  1589 | D:3      | Reached XP level 5. HP: 28/50 MP: 4/4
  2405 | D:4      | Reached skill level 5 in Unarmed Combat
  2409 | D:4      | Noticed an ogre
  2421 | D:4      | Killed an ogre
  2421 | D:4      | Reached XP level 6. HP: 59/59 MP: 5/5
  2676 | D:4      | Found a sacrificial altar of Ru.
  2683 | D:4      | Reached skill level 6 in Unarmed Combat
  2717 | D:4      | Noticed Sigmund
  2740 | D:4      | HP: 2/59 [something (14)]
  2749 | D:4      | Slain by a worker ant

Skill      XL: |  1  2  3  4  5  6 |
---------------+-------------------+-----
Unarmed Combat | 3 4 5 6 |  6.0
Shields        | 3 4 |  4.2
Fighting       | |  2.4
Dodging        | |  2.4

Action                   |  1- 3 |  4- 6 || total
-------------------------+-------+-------++-------
Melee: Unarmed           |    92 |   146 ||   238
 Stab: Sleeping          |     1 |     2 ||     3
  Eat: Chunk             |    16 |    15 ||    31
Armor: Robe              |    26 |    37 ||    63
Dodge: Dodged            |    37 |    35 ||    72
Block: Shield            |    35 |    64 ||    99
